AoeStats
← 8

Black Forest

510007395Analyzed
4v4 RM · 4d ago on Sep 29, 2026· 51m 6s· 8 players
Game mode
Random Map
Map size
Large (8 player)
Population
200
Speed
Normal
Resources
Standard
Victory
Conquest
Starting age
Dark Age
Ending age
Imperial Age
RankedLock teamsTeams togetherTeam positionsShared explorationLock speedFull tech treeHidden civsTurbo modeCheats
Victory
Defeat
🇧🇷 Poles · Brazil
1274
+14
🇺🇸 Khmer · United States
1254
+15
🇲🇽 Mongols · Mexico
1247
+16
🇺🇸 Dravidians · United States
1207
+17
🇧🇷 Lithuanians · Brazil
1326
-19
🇧🇷 Teutons · Brazil
1319
-18
🇧🇷 Persians · Brazil
1216
-15
🇧🇷 Britons · Brazil
1087
-10
Megatron2002
0:27 Loom
14:32 Feudal Age
15:02 Feudal Age
15:48 Double-Bit Axe
19:01 Wheelbarrow
18:54 Fishing Lines
23:22 Castle Age
24:41 Stone Mining
24:42 Gold Mining
24:34 Horse Collar
25:07 Bow Saw
25:03 Gillnets
30:46 Imperial Age
28:49 Thumb Ring
30:36 Gold Shaft Mining
30:42 Town Watch
30:58 Heavy Plow
31:16 Fletching
31:26 Padded Archer Armor
31:49 Ballistics
32:30 Chemistry
31:57 Conscription
32:09 Bodkin Arrow
32:35 Hand Cart
32:57 Leather Archer Armor
33:13 Parthian Tactics
32:53 Onager
34:18 Husbandry
34:28 Bloodlines
34:22 Bracer
35:01 Drill
34:57 Siege Onager
36:30 Siege Engineers
36:36 Masonry
36:55 Fortified Wall
37:49 Elite Mangudai
44:47 Light Cavalry
45:39 Forging
45:35 Scale Barding Armor
46:59 Murder Holes
48:06 Iron Casting
47:52 Chain Barding Armor
Ralf, o fareja noob
1:01 Loom
14:09 Feudal Age
17:03 Fletching
18:36 Double-Bit Axe
19:20 Horse Collar
24:13 Wheelbarrow
27:32 Castle Age
29:15 Bow Saw
29:05 Heavy Plow
31:15 Gold Mining
33:08 Szlachta Privileges
36:29 Imperial Age
36:42 Scale Barding Armor
37:14 Bloodlines
37:04 Husbandry
36:37 Cavalier
39:55 Chain Barding Armor
39:46 Forging
39:52 Szlachta Privileges
40:31 Conscription
41:56 Caravan
Ra
7:37 Loom
10:31 Feudal Age
14:56 Castle Age
14:17 Double-Bit Axe
15:32 Horse Collar
20:23 Bloodlines
21:36 Scale Barding Armor
29:43 Wheelbarrow
28:53 Town Watch
29:38 Husbandry
41:11 Imperial Age
41:40 Bow Saw
41:25 Elite Battle Elephant
44:16 Heavy Scorpion
49:43 Gold Mining
50:47 Heavy Plow
51:13 Chain Barding Armor
51:03 Forging
8
0:33 Loom
14:20 Feudal Age
19:13 Castle Age
18:25 Double-Bit Axe
20:31 Fletching
22:29 Crossbowman
26:43 Bow Saw
30:16 Bodkin Arrow
32:39 Gold Mining
39:44 Imperial Age
42:03 Chemistry
44:39 Wheelbarrow
43:55 Arbalester
44:45 Bracer
nborgesfilho
8:27 Loom
12:10 Feudal Age
16:13 Castle Age
15:06 Double-Bit Axe
15:10 Horse Collar
20:23 Bow Saw
21:42 Heavy Plow
22:21 Wheelbarrow
24:32 Fishing Lines
25:45 Gold Mining
26:30 Stone Mining
29:15 Imperial Age
28:10 Bloodlines
28:00 Husbandry
28:11 Forging
28:07 Scale Barding Armor
30:01 Iron Casting
30:29 Stone Shaft Mining
30:25 Chain Barding Armor
32:07 Plate Barding Armor
31:24 Fletching
32:03 Ballistics
32:00 Elite Leitis
33:03 Conscription
36:11 Caravan
38:23 Chemistry
37:18 Murder Holes
37:34 Masonry
37:44 Masonry
45:04 Cavalier
47:45 Padded Archer Armor
Cabra da Peste
2:21 Loom
16:15 Feudal Age
28:28 Castle Age
26:57 Fletching
27:24 Stone Mining
28:37 Double-Bit Axe
28:45 Gold Mining
28:59 Padded Archer Armor
33:46 Elite Skirmisher
37:26 Imperial Age
35:15 Bow Saw
36:20 Leather Archer Armor
37:25 Wheelbarrow
37:19 Yeomen
36:49 Horse Collar
38:09 Bodkin Arrow
38:38 Ballistics
39:19 Chemistry
42:54 Two-Man Saw
GaloDoido
6:35 Loom
11:41 Feudal Age
17:12 Castle Age
15:56 Double-Bit Axe
18:15 Wheelbarrow
21:32 Bow Saw
21:28 Gold Mining
23:26 Gold Shaft Mining
22:43 Horse Collar
23:42 Scale Barding Armor
25:19 Forging
25:48 Chain Barding Armor
25:41 Bloodlines
25:32 Husbandry
29:38 Iron Casting
30:01 Stone Mining
34:02 Imperial Age
31:48 Hand Cart
32:13 Stone Shaft Mining
34:02 Fletching
35:27 Plate Barding Armor
36:08 Blast Furnace
35:18 Cavalier
36:56 Onager
39:09 Conscription
39:45 Savar
45:57 Light Cavalry
47:22 Hussar
dionathanbh
0:45 Loom
14:08 Feudal Age
18:12 Castle Age
16:19 Double-Bit Axe
19:17 Bow Saw
20:51 Wheelbarrow
20:03 Town Watch
24:50 Fletching
33:12 Horse Collar
36:14 Squires
36:47 Pikeman
37:13 Gambesons
37:14 Arson
37:28 Gold Mining
38:06 Scale Mail Armor
38:17 Forging
39:31 Heavy Plow
40:01 Gambesons
43:22 Imperial Age
41:09 Hand Cart
42:50 Bodkin Arrow
42:55 Padded Archer Armor
44:00 Chain Mail Armor
44:20 Iron Casting
44:02 Elite Skirmisher
46:33 Leather Archer Armor
46:59 Ballistics
47:39 Chemistry
48:15 Halberdier
50:02 Blast Furnace
49:33 Plate Mail Armor
49:33 Ring Archer Armor
Connection lost

Rejoining the realm…

Still unreachable

The connection could not be restored.

Session expired

The server has moved on; the page needs a fresh start.